 Dungeon Crawl Stone Soup version 0.24.0-123-gd5b16e6ec5 (webtiles) character file.

Game seed: 11316921515902298302, levelgen mode: deterministic

1026 Descartes the Skirmisher (level 8, -1/63 HPs)
             Began as a Formicid Abyssal Knight on Jan 16, 2020.
             Was an Elder of Lugonu.
             Slain by an orc warrior
             ... wielding a +0 short sword
              (6 damage)
             ... on level 5 of the Dungeon.
             The game lasted 00:14:03 (5218 turns).

Descartes the Skirmisher (Formicid Abyssal Knight)  Turns: 5218, Time: 00:14:04

Health: -1/63      AC: 17    Str: 19    XL:     8   Next: 47%
Magic:  11/11      EV:  7    Int: 12    God:    Lugonu [****..]
Gold:   323        SH:  4    Dex: 10    Spells: 7/7 levels left

rFire    . . .     SeeInvis +   r - +0 war axe
rCold    . . .     Gourm    .   e - +0 buckler
rNeg     . . .     Faith    .   v - +0 plate armour
rPois    .         Spirit   .   (helmet unavailable)
rElec    .         Reflect  .   C - scarf {repulsion}
rCorr    .         Harm     .   (no gloves)
MR       .....                  p - +1 pair of boots
Stlth    ..........             (no amulet)
HPRegen  0.20/turn              y - +3 ring of protection
MPRegen  0.12/turn              (no ring)

@: repel missiles
A: permanent stasis, dig shafts and tunnels, four strong arms, antennae 3
a: Dig, Shaft Self, Depart the Abyss, Bend Space, Banish, Corrupt, Renounce
Religion


You were on level 5 of the Dungeon.
You worshipped Lugonu.
Lugonu was greatly pleased with you.
You were hungry.

You visited 1 branch of the dungeon, and saw 6 of its levels.
You visited the Abyss 1 time.

You collected 323 gold pieces.

Inventory:

Hand Weapons
 a - a +1 hand axe
 f - a +1 flail of protection
 r - a +0 war axe (weapon)
Missiles
 d - 38 sling bullets
 j - 69 bolts
 l - 156 stones (quivered)
 n - 27 poisoned darts
 w - 97 arrows
Armour
 e - a +0 buckler (worn)
 p - a +1 pair of boots (worn)
 v - a +0 plate armour (worn)
 C - a scarf of repulsion (worn)
Jewellery
 y - a +3 ring of protection (left hand)
Wands
 s - a wand of disintegration (9)
 u - a wand of random effects (16)
 A - a wand of paralysis (10)
Scrolls
 b - 2 scrolls of amnesia {unknown}
 g - 2 scrolls of remove curse {unknown}
 h - 2 scrolls of immolation {unknown}
 i - 2 scrolls of magic mapping {unknown}
 q - 2 scrolls of teleportation
 t - a scroll of blinking {unknown}
 x - a scroll of identify
 B - a scroll of enchant weapon {unknown}
 D - a scroll of enchant armour {unknown}
 F - a scroll of fear {unknown}
Potions
 k - 2 potions of curing
 m - a potion of lignification {unknown}
 o - 3 potions of heal wounds
 z - a potion of berserk rage {unknown}
 E - a potion of might {unknown}
 G - a potion of brilliance {unknown}
 H - a potion of flight {unknown}
Comestibles
 c - 10 rations


   Skills:
 + Level 5.5 Fighting
 + Level 4.3 Axes
 + Level 4.9 Armour
 + Level 3.5 Dodging
 - Level 2.4 Shields
 + Level 5.1 Invocations


You had 7 spell levels left.
You didn't know any spells.
Your spell library contained the following spells:

 Spells                   Type           Power        Failure   Level  Hunger
 Magic Dart               Conj           #...         100%        1    ##.....
 Call Imp                 Summ           #.......     100%        2    ###....
 Slow                     Hex            #.......     100%        2    ###....
 Conjure Flame            Conj/Fire      #.......     100%        3    ####...
 Mephitic Cloud           Conj/Pois/Air  #.......     100%        3    ####...
 Blink                    Tloc           Unusable     N/A         2    N/A

Dungeon Overview and Level Annotations

Branches:
Dungeon (6/15)
 Temple: D:4-7

Altars:
Ashenzari
Gozag
Hepliaklqana
Makhleb
Trog
Vehumet
Wu Jian
Yredelemnul


Innate Abilities, Weirdness & Mutations

You cannot be hasted, slowed, berserked, paralysed or teleported.
You can dig through walls and to a lower floor.
Your four strong arms can wield two-handed weapons with a shield.
You have a pair of large antennae on your head. (SInv)


Message History

You hit the orc warrior but do no damage.
The orc warrior is severely wounded.
The orc warrior hits you with a +0 short sword.
* * * LOW HITPOINT WARNING * * *
You closely miss the orc warrior.
The orc warrior is severely wounded.
You block the orc warrior's attack.
You barely miss the orc warrior.
The orc warrior is severely wounded.
The orc warrior hits you with a +0 short sword.
* * * LOW HITPOINT WARNING * * *
The orc warrior barely misses you.
You closely miss the orc warrior.
The orc warrior is severely wounded.
The orc warrior hits you with a +0 short sword!
* * * LOW HITPOINT WARNING * * *
You closely miss the orc warrior.
The orc warrior is severely wounded.
The orc warrior hits you with a +0 short sword.
You die...

#.#######.##......# #.#
#.##[###### #.# #.##.#
#.#######.##.# #.......#.##.#
#######.#.##.# #.#.##.#
########.#.##.#
#.....o@...##.#
######.######.####.##########
#...........#.## #...........
#.####.####....##############
#.# #.# #.....####### #.# #.#
#..>....)...# #####># #.#
#.....#####.####### ......#
#.# ##...## #........
####..####.# ##.## #########


You could see an orc warrior.

Vanquished Creatures
  Edmund (D:4)
  A sky beast (D:5)
  An ogre (D:5)
  3 scorpions
  2 hounds (D:4)
  A centaur zombie (D:5)
  An orc priest (D:5)
  3 orc wizards
  A centaur skeleton (D:2)
  2 worker ants
  A hound zombie (D:5)
  2 hound skeletons (D:5)
  7 adders
  4 gnolls (D:4)
  A shadow imp (D:5)
  3 oozes
  An adder skeleton (D:4)
  5 worms
  6 leopard geckos
  21 orcs
  3 ball pythons
  3 giant cockroaches (D:3)
  9 goblins
  12 hobgoblins
  4 jackals (D:2)
  4 quokkas
  10 bats
  4 frilled lizards
  A jackal skeleton (D:4)
  7 kobolds
  A leopard gecko zombie (D:5)
  10 rats
135 creatures vanquished.

Notes
Turn   | Place    | Note
-------+----------+-------------------------------------------
     0 | Abyss:1  | Descartes the Formicid Abyssal Knight began the quest for
                  | the Orb.
     0 | Abyss:1  | Reached XP level 1. HP: 18/18 MP: 2/2
    20 | Abyss:1  | Found an iron altar of Okawaru.
    71 | Abyss:1  | Noticed a rakshasa
    79 | D:1      | Escaped the Abyss
   138 | D:1      | Reached skill level 1 in Dodging
   155 | D:1      | Reached XP level 2. HP: 23/24 MP: 3/3
   532 | D:1      | Reached ** piety under Lugonu
   544 | D:1      | Reached skill level 1 in Shields
   544 | D:1      | Reached XP level 3. HP: 29/29 MP: 4/4
   832 | D:2      | Reached XP level 4. HP: 36/36 MP: 4/6
  1084 | D:2      | Reached XP level 5. HP: 42/42 MP: 7/7
  1421 | D:2      | Found an ornate altar of the Wu Jian Council.
  2189 | D:3      | Reached *** piety under Lugonu
  2342 | D:3      | Reached XP level 6. HP: 43/48 MP: 8/8
  2804 | D:4      | Found a hazy altar of Hepliaklqana.
  3318 | D:4      | Found a burning altar of Makhleb.
  3325 | D:4      | Reached XP level 7. HP: 51/55 MP: 9/9
  3786 | D:4      | Noticed Edmund
  3803 | D:4      | Killed Edmund
  4072 | D:5      | Entered Level 5 of the Dungeon
  4141 | D:5      | Reached skill level 5 in Fighting
  4185 | D:5      | Reached XP level 8. HP: 56/62 MP: 11/11
  4550 | D:5      | Reached **** piety under Lugonu
  4641 | D:5      | Found a bloodstained altar of Trog.
  4654 | D:5      | Found a shattered altar of Ashenzari.
  4929 | D:5      | Reached skill level 5 in Invocations
  5193 | D:6      | Found a radiant altar of Vehumet.
  5193 | D:6      | Found an opulent altar of Gozag.
  5193 | D:6      | Found a basalt altar of Yredelemnul.
  5218 | D:5      | Slain by an orc warrior

Levels and vault maps discovered:
D:1:      eino_arrival_tree_alley, layout_rooms
D:2:      layout_basic, nicolae_overflow_hidden_temple
D:3:      layout_rooms, kennysheep_decorative_pillar, minmay_three_crescents
D:4:      layout_cave_pools, nicolae_overflow_crystal_walls,
          makhleb_heckhound_becter, uniq_edmund
D:5:      layout_loops_ring, kennysheep_mini_moat, first_ration, basic_altar
D:6:      layout_cave_pools, led_sif_book, kennysheep_little_box,
          grunt_temple_overflow_open, serial_shops, shop,
          nicolae_gozag_seed_capital

Skill      XL: |  1  2  3  4  5  6  7  8 |
---------------+-------------------------+-----
Dodging        | 1 2 3 |  3.5
Shields        | 1 2 |  2.4
Invocations    | 3 4 5 |  5.1
Armour         | 3 4 |  4.9
Fighting       | 4 5 |  5.5
Axes           | 3 4 |  4.3

Action                   |  1- 3 |  4- 6 |  7- 9 || total
-------------------------+-------+-------+-------++-------
Melee: Hand axe          |    56 |   327 |    41 ||   424
       War axe           |       |       |   145 ||   145
 Abil: Dig               |       |     1 |       ||     1
  Use: Scroll            |       |       |     3 ||     3
  Eat: Chunk             |       |     8 |     6 ||    14
Armor: Leather armour    |    12 |       |       ||    12
       Chain mail        |     4 |   201 |       ||   205
       Plate armour      |       |    26 |   132 ||   158
Dodge: Dodged            |    28 |   119 |    53 ||   200
Block: Buckler           |    10 |    67 |    40 ||   117
